 Dungeon Crawl Stone Soup version 0.26-a0-712-ga5a9c9c9d0 (webtiles) character file.

Game seed: 8704138600511901188

666 kae the Insei (level 7, -3/45 HPs)
             Began as an Octopode Transmuter on Nov 10, 2020.
             Slain by a gnoll
             ... wielding a +0 spear
              (6 damage)
             ... on level 4 of the Dungeon.
             The game lasted 00:03:25 (5143 turns).

kae the Insei (Octopode Transmuter)                 Turns: 5143, Time: 00:03:26

Health: -3/45      AC:  2    Str: 12    XL:     7   Next: 57%
Magic:  6/11       EV: 21    Int: 15    God:
Gold:   181        SH:  0    Dex: 17    Spells: 8/12 levels left

rFire    . . .     SeeInvis .     - Unarmed
rCold    . . .     Faith    .   (shield currently unavailable)
rNeg     . . .     Spirit   .   (helmet currently unavailable)
rPois    x         Reflect  .   (no amulet)
rElec    .         Harm     .   (no ring)
rCorr    .         Rampage  .   (no ring)
MR       .....                  (no ring)
Stlth    +.........             (no ring)
HPRegen  0.15/turn              (no ring)
MPRegen  0.12/turn              (no ring)
                                (no ring)
                                (no ring)

@: brilliant, spider-form (expiring), very slightly contaminated, glowing,
invisible (but backlit and visible)
A: tiny, almost no armour, stealthy swim, (amphibious), 8 rings, (constrict 8)
a: End Transformation


You were on level 4 of the Dungeon.
You were a venomous arachnid creature.
You visited 1 branch of the dungeon, and saw 4 of its levels.

You collected 181 gold pieces.

Inventory:

Jewellery
 j - an uncursed ring of flight {unknown}
 k - an uncursed ring of flight {unknown}
Scrolls
 a - a scroll of teleportation
 c - 2 scrolls of remove curse
 f - a scroll of enchant weapon {unknown}
 h - a scroll of identify
 i - a scroll of fog {unknown}
Potions
 e - 3 potions of flight


   Skills:
 + Level 2.8 Fighting
 + Level 3.3 Dodging
 - Level 3.0 Stealth
 * Level 5.2 Unarmed Combat
 - Level 3.0 Spellcasting
 * Level 4.6 Transmutations


You had 8 spell levels left.
You knew the following spells:

 Your Spells              Type           Power        Failure   Level
a - Beastly Appendage     Tmut           ###...       11%         1
b - Spider Form           Tmut/Pois      ##........   43%         3

Your spell library contained the following spells:

 Spells                   Type           Power        Failure   Level
 Wereblood                Tmut           ###.....     13%         2
 Ice Form                 Ice/Tmut       ##......     78%         4
 Blade Hands              Tmut           ###.......   82%         5


Dungeon Overview and Level Annotations

Branches:
Dungeon (4/15)
 Temple: D:4-7

Altars:
Elyvilon

Shops:
D:4 :

Annotations:
D:2 1 runed translucent door, Crazy Yiuf


Innate Abilities, Weirdness & Mutations

You cannot wear most types of armour.
You are very stealthy in the water. (Stealth+)
((You are amphibious.))
You can wear up to eight rings at the same time.
((You can use your tentacles to constrict eight enemies at once.))
((Your skin changes colour to match your surroundings (Stealth+).))
((Your rubbery body absorbs attacks. (AC +1, EV +1)))


Message History

The gnoll hits you from afar with a +0 spear!
The gnoll shaman misses you.
Your magical contamination has completely faded away.
You bite the gnoll shaman!
You kill the gnoll shaman!
The gnoll hits you from afar with a +0 spear.
* * * LOW HITPOINT WARNING * * *
The gnoll shouts!
It was a potion of invisibility.
You become transparent, but the glow from your corona prevents you from becoming completely invisible.
The gnoll hits you from afar with a +0 spear.
* * * LOW HITPOINT WARNING * * *
The gnoll hits you from afar with a +0 spear.
* * * LOW HITPOINT WARNING * * *
You are very lightly contaminated with residual magic.
Okay, then.
It was a potion of brilliance.
You feel clever all of a sudden.
Your transformation is almost over.
The gnoll hits you from afar with a +0 spear.
You die...

####### ##########
##.....## #........#
##.......## #........#
#.........#
##...[....#######.........#
..........................#
#.........#.#####....<....#
..........†g.gg.s.........#
.....(....#######.........#
..##.###### #.........#
g.g..########## #.........#
.#....w.#.....# #.........#
............... #.........#
.......(....... ##.......##
............... ##.....##
#.......∩...... #§.####


You could see 3 gnolls.

Vanquished Creatures
  Sigmund (D:2)
  A phantom (D:4)
  A howler monkey (D:4)
  A bullfrog skeleton (D:4)
  A centaur skeleton (D:4)
  An orc wizard (D:3)
  A gnoll shaman (D:4)
  A worker ant (D:3)
  Natasha (D:4)
  A gnoll (D:4)
  2 river rats (D:3)
  9 adders
  An ooze (D:1)
  2 worms (D:2)
  A dart slug (D:2)
  2 leopard geckos
  11 orcs
  2 ball pythons (D:3)
  2 giant cockroaches (D:3)
  8 hobgoblins
  3 jackals (D:3)
  9 kobolds
  2 quokkas
  8 bats
  8 frilled lizards
  10 goblins
  7 rats
97 creatures vanquished.

Notes
Turn   | Place    | Note
-------+----------+-------------------------------------------
     0 | D:1      | kae the Octopode Transmuter began the quest for the Orb.
     0 | D:1      | Reached XP level 1. HP: 13/13 MP: 3/3
   276 | D:1      | Reached XP level 2. HP: 18/18 MP: 5/5
   568 | D:1      | Reached XP level 3. HP: 12/23 MP: 6/6
   573 | D:1      | Learned a level 3 spell: Spider Form
   828 | D:2      | Reached skill level 1 in Stealth
  1618 | D:2      | Reached XP level 4. HP: 8/28 MP: 5/7
  2193 | D:2      | Noticed Sigmund
  2539 | D:2      | Found a runed translucent door.
  2540 | D:2      | Noticed Crazy Yiuf
  2816 | D:2      | Killed Sigmund
  2816 | D:2      | Reached skill level 4 in Unarmed Combat
  2816 | D:2      | Reached XP level 5. HP: 24/34 MP: 7/9
  2816 | D:2      | Reached XP level 6. HP: 27/39 MP: 7/10
  3706 | D:3      | Found a faded altar of an unknown god.
  4066 | D:3      | Found a white marble altar of Elyvilon.
  4339 | D:4      | Noticed a phantom
  4400 | D:4      | Reached XP level 7. HP: 33/45 MP: 9/11
  4487 | D:4      | Found Uriracot's Book Shoppe.
  4487 | D:4      | Noticed Natasha
  4501 | D:4      | Killed Natasha
  4779 | D:4      | HP: 2/45 [phantom (6)]
  4782 | D:4      | Reached skill level 5 in Unarmed Combat
  5143 | D:4      | Slain by a gnoll

Illustrated notes

Levels and vault maps discovered:
D:1:      psy_arrival_conway, layout_rooms, minmay_misc_feat_hallway
D:2:      minmay_diamond_boxcup, layout_basic, uniq_sigmund,
          uniq_crazy_yiuf_cottage
D:3:      layout_rooms, elyvilon_altar_1, portal_sewer_entry_c,
          chequers_ecumenical_altar_island, minmay_stone_trees_medium,
          serial_bayou_crossing
D:4:      layout_rooms, nicolae_qazlal_style_of_elements, serial_shops, shop,
          uniq_natasha

Skill      XL: |  1  2  3  4  5  6  7 |
---------------+----------------------+-----
Stealth        | 1 2 3 |  3.0
Transmutations | 3 4 |  4.6
Fighting       | 2 |  2.8
Unarmed Combat | 4 5 |  5.2
Spellcasting   | 3 |  3.0
Dodging        | 3 |  3.3

Action                   |  1- 3 |  4- 6 |  7- 9 || total
-------------------------+-------+-------+-------++-------
Melee: Unarmed           |    80 |   118 |    54 ||   252
       Constrict         |    20 |    25 |     4 ||    49
       Kick              |     9 |    18 |     6 ||    33
       Tentacles         |     9 |    18 |     6 ||    33
       Punch             |     1 |     1 |     2 ||     4
 Cast: Beastly Appendage |    12 |    17 |     7 ||    36
       Spider Form       |       |     2 |     2 ||     4
  Use: Scroll            |     3 |     3 |       ||     6
       Potion            |       |       |     3 ||     3
 Stab: Sleeping          |     6 |     7 |       ||    13
Armor: Skin              |     6 |     5 |     2 ||    13
Dodge: Dodged            |    51 |    83 |    37 ||   171

Table legend: (Time is in decaauts)
 A = Elapsed time spent in this place.
 B = Non-inter-level travel time spent in this place.
 C = Inter-level travel time spent in this place.
 D = Time resting spent in this place.
 E = Time spent auto-exploring this place.
 F = Levels seen in this place.
 G = Mean time per level.
                   A        B        C        D        E       F      G
               +--------+--------+--------+--------+--------+-----+--------+
         Total |   5132 |   5007 |    125 |    460 |   3806 |   4 | 1283.0 |
       Dungeon |   5132 |   5007 |    125 |    460 |   3806 |   4 | 1283.0 |
               +--------+--------+--------+--------+--------+-----+--------+

Top non-repeatable levels by time:
     D:2: 2106 daAuts
     D:3: 1299 daAuts
     D:1: 945 daAuts
     D:4: 781 daAuts
